 Dungeon Crawl Stone Soup version 0.29-a0-925-g0a7a3d12f8 (webtiles) character file.

Game seed: 3404930106068204443

94 quixfox the Digger (level 4, -1/24 HPs)
             Began as a Gargoyle Earth Elementalist on July 30, 2022.
             Slain by an orc priest
             ... wielding a +0 hand axe
              (2 damage)
             ... on level 4 of the Dungeon.
             The game lasted 00:04:36 (2865 turns).

quixfox the Digger (Gargoyle Earth Elementalist)    Turns: 2865, Time: 00:04:37

Health: -1/24      AC:  5    Str: 12    XL:     4   Next: 63%
Magic:  4/8        EV: 11    Int: 17    God:
Gold:   143        SH:  0    Dex: 10    Spells: 3/9 levels left

rFire   . . .      SeeInvis .   c - +0 war axe
rCold   . . .      Faith    .   (no shield)
rNeg    + . .      Spirit   .   a - +0 robe
rPois   ∞          Reflect  .   (no helmet)
rElec   +          Harm     .   (no cloak)
rCorr   .          Rampage  .   (no gloves)
Will    .....                   (no boots)
Stlth   ++........              (no amulet)
HPRegen 0.08/turn               (no ring)
MPRegen 0.11/turn               (no ring)

@: no status effects
A: sickness immunity, AC +3, negative energy resistance 1, electricity
resistance, torment resistance 1, petrification resistance
a: no special abilities


You were on level 4 of the Dungeon.
You visited 1 branch of the dungeon, and saw 4 of its levels.

You collected 143 gold pieces.

Inventory:

Hand Weapons
 c - a +0 war axe (weapon)
Armour
 a - a +0 robe (worn)
Scrolls
 d - a scroll of teleportation
 g - a scroll of identify
 j - a scroll of amnesia {unknown}
Potions
 b - a potion of magic
 e - a potion of ambrosia {unknown}
 f - 3 potions of heal wounds
 h - 2 potions of curing


   Skills:
 - Level 1.5 Dodging
 - Level 2.1 Stealth
 + Level 3.1 Spellcasting
 + Level 1.6 Conjurations
 - Level 0.7 Transmutations
 + Level 4.9 Earth Magic


You had 3 spell levels left.
You knew the following spells:

 Your Spells              Type           Power      Damage    Failure   Level
a - Sandblast             Erth           38%        2d10      2%          1
b - Passwall              Tmut/Erth      10%        N/A       9%          2
c - Stone Arrow           Conj/Erth      26%        3d8       14%         3

Your spell library contained the following spells:

 Spells                   Type           Power      Damage    Failure   Level
 Conjure Flame            Conj/Fire      5%         6-21      36%         3
 Ignite Poison            Fire/Tmut/Pois 3%         N/A       43%         3
 Gell's Gravitas          Tloc           2%         N/A       45%         3
 Lesser Beckoning         Tloc           2%         N/A       45%         3
 Teleport Other           Tloc           2%         N/A       45%         3
 Petrify                  Tmut/Erth      12%        N/A       47%         4
 Sticky Flame             Conj/Fire      5%         2d3       77%         4


Dungeon Overview and Level Annotations

Branches:
Dungeon (4/15)
 Temple: D:4-7

Altars:

Annotations:
D:2 Natasha, Terence


Innate Abilities, Weirdness & Mutations

You are immune to sickness and miasma.
Your stone body is resilient. (AC +3)
You are immune to poison.
You resist negative energy. (rN+)
You are resistant to electric shocks. (rElec)
You are resistant to unholy torment.
You are immune to petrification.


Message History

There is a stone staircase leading up here.
Aiming: Sandblast (safe; 2% risk of failure)
Press: ? - help, Q - select action, (/) - cycle Shift-Dir - straight line, f - orc
Aim: an orc, wielding a +0 club and wearing a +0 leather armour (82% to hit)
The blast of sand hits the orc!
You kill the orc!
Aiming: Sandblast (safe; 2% risk of failure)
Press: ? - help, Q - select action, (/) - cycle Shift-Dir - straight line, f - orc priest
Aim: an orc priest, wielding a +0 hand axe and wearing a +0 chain mail (87% to hit)
The blast of sand hits the orc priest but does no damage.
The orc priest calls down the wrath of Beogh upon you.
Beogh smites you!
Ouch! That really hurt!
Aiming: Sandblast (safe; 2% risk of failure)
Press: ? - help, Q - select action, (/) - cycle Shift-Dir - straight line, f/p - orc priest
Aim: an orc priest, wielding a +0 hand axe and wearing a +0 chain mail (87% to hit)
The blast of sand hits the orc priest.
The orc priest is lightly wounded.
The orc priest hits you with a +0 hand axe.
Aiming: Sandblast (safe; 2% risk of failure)
Press: ? - help, Q - select action, (/) - cycle Shift-Dir - straight line, f/p - orc priest
Aim: an orc priest, wielding a +0 hand axe and wearing a +0 chain mail (lightly wounded, 87% to hit)
The blast of sand hits the orc priest but does no damage.
The orc priest is lightly wounded.
The orc priest hits you with a +0 hand axe.
* * * LOW HITPOINT WARNING * * *
The orc priest barely misses you.
Aiming: Sandblast (safe; 2% risk of failure)
Press: ? - help, Q - select action, (/) - cycle Shift-Dir - straight line, f/p - orc priest
Aim: an orc priest, wielding a +0 hand axe and wearing a +0 chain mail (lightly wounded, 87% to hit)
The blast of sand misses the orc priest.
The orc priest hits you but does no damage.
The orc priest hits you with a +0 hand axe.
* * * LOW HITPOINT WARNING * * *
You hit the orc priest but do no damage.
The orc priest is lightly wounded.
The orc priest hits you with a +0 hand axe.
* * * LOW HITPOINT WARNING * * *
The orc priest hits you with a +0 hand axe.
You die...

## .. #.####
#.... #... ..#
####
######.##.....
#....@....#
#.####o####
#.# #)# #.#
..# #.# #.#
..#


You could see an orc priest.

Vanquished Creatures
  Natasha (D:2)
  An adder (D:2)
  4 orcs
  5 ball pythons
  4 endoplasms
  2 giant cockroaches
  3 goblins
  7 hobgoblins
  4 jackals (D:1)
  6 kobolds
  3 quokkas
  3 bats
  A frilled lizard (D:1)
  5 rats
49 creatures vanquished.

Notes
Turn   | Place    | Note
-------+----------+-------------------------------------------
     0 | D:1      | quixfox the Gargoyle Earth Elementalist began the quest for
                  | the Orb.
     0 | D:1      | Reached XP level 1. HP: 10/10 MP: 3/3
   390 | D:1      | Reached XP level 2. HP: 15/15 MP: 3/5
   421 | D:1      | Reached skill level 4 in Earth Magic
   835 | D:2      | Reached XP level 3. HP: 19/19 MP: 4/7
   838 | D:2      | Learned a level 2 spell: Passwall
   842 | D:2      | Learned a level 3 spell: Stone Arrow
  1098 | D:2      | Noticed Terence
  1366 | D:2      | Noticed Natasha
  1370 | D:2      | Killed Natasha
  1371 | D:2      | Reached skill level 1 in Conjurations
  1371 | D:2      | Reached XP level 4. HP: 18/24 MP: 5/8
  1693 | D:2      | Noticed Natasha
  2036 | D:3      | Found a faded altar of an unknown god.
  2865 | D:4      | HP: 1/24 [orc priest/+0 hand axe (5)]
  2865 | D:4      | Slain by an orc priest

Illustrated notes

Levels and vault maps discovered:
D:1:      psy_arrival_whirlpool, layout_rooms
D:2:      layout_loops_ring, uniq_natasha, uniq_terence
D:3:      layout_loops_ring, basic_ecumenical_altar
D:4:      layout_loops_ring, serial_shops, nicolae_shop_statue_plus,
          minmay_quantized

Skill      XL: |  1  2  3 |
---------------+----------+-----
Earth Magic    | 4 |  4.9
Spellcasting   | 3 |  3.1
Conjurations   | 1 |  1.6
Dodging        | |  1.5
Stealth        | |  2.1
Transmutations | |  0.7

Action                   |  1- 3 |  4- 6 || total
-------------------------+-------+-------++-------
Melee: Unarmed           |     6 |       ||     6
       War axe           |     4 |     1 ||     5
 Cast: Sandblast         |    38 |    35 ||    73
  Use: Scroll            |     3 |     1 ||     4
       Potion            |     2 |       ||     2
Armor: Robe              |     5 |     6 ||    11
Dodge: Dodged            |    21 |    10 ||    31

Table legend: (Time is in decaauts)
 A = Elapsed time spent in this place.
 B = Non-inter-level travel time spent in this place.
 C = Inter-level travel time spent in this place.
 D = Time resting spent in this place.
 E = Time spent auto-exploring this place.
 F = Levels seen in this place.
 G = Mean time per level.
                   A        B        C        D        E       F      G
               +--------+--------+--------+--------+--------+-----+--------+
         Total |   2942 |   2812 |    130 |    615 |   1814 |   4 |  735.5 |
       Dungeon |   2942 |   2812 |    130 |    615 |   1814 |   4 |  735.5 |
               +--------+--------+--------+--------+--------+-----+--------+

Top non-repeatable levels by time:
     D:3: 1056 daAuts
     D:2: 976 daAuts
     D:1: 888 daAuts
     D:4: 21 daAuts
